AoeStats
← rubenciego

Pilgrims

509544668Analyzed
3v3 RM · 6d ago on Sep 27, 2026· 45m 47s· 6 players
Game mode
Random Map
Map size
Normal (6 player)
Population
200
Speed
Normal
Resources
Standard
Victory
Conquest
Starting age
Dark Age
Ending age
Imperial Age
RankedLock teamsTeams togetherTeam positionsShared explorationLock speedFull tech treeHidden civsTurbo modeCheats
Victory
Defeat
🇺🇸 Franks · United States
1199
+14
🇲🇽 Slavs · Mexico
1094
+18
🇩🇴 Bohemians · Dominican Republic
1029
+21
🇨🇱 Ethiopians · Chile
1260
-23
🇨🇱 Goths · Chile
1172
-19
🇨🇱 Teutons · Chile
988
-11
KukaHigh
9:27 Loom
12:55 Feudal Age
13:24 Double-Bit Axe
15:22 Forging
20:03 Castle Age
17:57 Gold Mining
22:22 Padded Archer Armor
22:28 Scale Mail Armor
27:59 Town Watch
28:31 Fletching
30:12 Wheelbarrow
32:24 Chain Mail Armor
33:04 Crossbowman
36:04 Bodkin Arrow
36:36 Thumb Ring
39:56 Padded Archer Armor
40:40 Horse Collar
41:11 Bow Saw
41:37 Gold Shaft Mining
43:46 Heavy Plow
44:17 Hand Cart
SirCogollo
6:49 Loom
7:12 Loom
10:55 Feudal Age
11:05 Man-at-Arms
14:40 Wheelbarrow
20:08 Castle Age
20:14 Pikeman
23:33 Forging
24:09 Scale Mail Armor
25:46 Hand Cart
26:07 Squires
26:34 Stone Mining
30:49 Long Swordsman
31:48 Chain Mail Armor
33:48 Iron Casting
Kaiser Pinochet
14:13 Feudal Age
17:17 Wheelbarrow
20:28 Castle Age
19:15 Bloodlines
26:16 Hand Cart
25:47 Town Watch
27:06 Gambesons
27:21 Squires
27:06 Arson
28:03 Gold Mining
28:03 Stone Mining
28:04 Loom
33:21 Forging
33:11 Scale Mail Armor
37:25 Pikeman
44:24 Imperial Age
Arietediron
5:30 Loom
12:56 Feudal Age
17:30 Wheelbarrow
17:30 Padded Archer Armor
25:20 Castle Age
23:52 Fishing Lines
25:09 Town Watch
25:12 Double-Bit Axe
25:20 Fletching
28:58 Fervor
29:13 Hand Cart
29:39 Gillnets
31:05 Ballistics
35:26 Chemistry
39:31 Arson
39:08 Man-at-Arms
41:38 Leather Archer Armor
41:19 Bodkin Arrow
41:35 Forging
Jersey_TitanX
4:06 Loom
11:05 Feudal Age
11:39 Double-Bit Axe
16:14 Castle Age
16:47 Padded Archer Armor
16:39 Fletching
18:48 Bodkin Arrow
25:59 Stone Mining
26:35 Gold Mining
33:36 Imperial Age
31:43 Wheelbarrow
31:54 Husbandry
33:19 Bow Saw
33:48 Gold Shaft Mining
33:43 Hand Cart
33:54 Town Watch
34:09 Cavalier
35:36 Leather Archer Armor
35:32 Forging
37:56 Chemistry
37:17 Ballistics
36:59 Cranequins
41:02 Conscription
41:57 Paladin
44:14 Iron Casting
43:44 Scale Barding Armor
rubenciego
4:09 Loom
11:56 Feudal Age
13:11 Fishing Lines
13:41 Double-Bit Axe
16:32 Castle Age
15:48 Scale Barding Armor
15:54 Forging
17:35 Bow Saw
22:01 Chain Barding Armor
23:18 Iron Casting
24:08 Scale Mail Armor
25:25 Man-at-Arms
26:14 Squires
27:01 Long Swordsman
29:22 Chain Mail Armor
33:20 Wheelbarrow
33:42 Stone Mining
33:43 Gold Mining
33:36 Horse Collar
34:31 Hand Cart
35:11 Gold Shaft Mining
37:51 Imperial Age
38:03 Heavy Plow
39:59 Chemistry
39:26 Conscription
39:15 Heavy Scorpion
40:42 Capped Ram
42:36 Light Cavalry
44:01 Plate Barding Armor
44:26 Blast Furnace
43:37 Hussar
44:19 Husbandry
44:31 Bloodlines
Connection lost

Rejoining the realm…

Still unreachable

The connection could not be restored.

Session expired

The server has moved on; the page needs a fresh start.